 Dungeon Crawl Stone Soup version 0.27-a0-40-g5f2be0e231 (webtiles) character file.

Game seed: 4114939299821955488

411 Clumpoid the Chopper (level 6, -11/51 HPs)
             Began as a Minotaur Fighter on Jan 5, 2021.
             Mangled by an ogre
             ... wielding a +0 giant spiked club
              (28 damage)
             ... on level 4 of the Dungeon.
             The game lasted 00:04:07 (4252 turns).

Clumpoid the Chopper (Minotaur Fighter)             Turns: 4252, Time: 00:04:08

Health: -11/51     AC: 10    Str: 20    XL:     6   Next: 58%
Magic:  5/5        EV:  5    Int:  7    God:
Gold:   252        SH: 10    Dex: 10    Spells: 5/5 levels left

rFire    . . .     SeeInvis +   a - +0 war axe
rCold    . . .     Faith    .   c - +0 kite shield
rNeg     . . .     Spirit   .   p - +0 chain mail
rPois    .         Reflect  .   (helmet restricted)
rElec    .         Harm     .   (no cloak)
rCorr    .         Rampage  .   o - +0 pair of gloves
Will     .....                  (no boots)
Stlth    ..........             (no amulet)
HPRegen  0.17/turn              f - ring of see invisible
MPRegen  0.09/turn              j - +4 ring of slaying

@: no status effects
A: retaliatory headbutt, horns 2
a: no special abilities


You were on level 4 of the Dungeon.
You visited 1 branch of the dungeon, and saw 4 of its levels.

You collected 252 gold pieces.

Inventory:

Hand Weapons
 a - a +0 war axe (weapon)
Armour
 c - a +0 kite shield (worn)
 o - a +0 pair of gloves (worn)
 p - a +0 chain mail (worn)
Jewellery
 f - a ring of see invisible (left hand)
 j - a +4 ring of slaying (right hand)
Wands
 l - a wand of acid (4)
Scrolls
 b - a scroll of amnesia {unknown}
 d - 2 scrolls of enchant weapon
 g - a scroll of immolation
 i - a scroll of fog
Potions
 k - 2 potions of lignification
 m - a potion of curing


   Skills:
 - Level 3.6 Fighting
 + Level 7.2 Axes
 - Level 3.6 Armour
 + Level 5.8 Shields


You had 5 spell levels left.
You didn't know any spells.
Your spell library contained the following spells:

 Spells                   Type           Power        Failure   Level
 Magic Dart               Conj           0%           100%        1
 Searing Ray              Conj           0%           100%        2
 Dazzling Flash           Conj/Hex       0%           100%        3
 Fulminant Prism          Conj/Hex       0%           100%        4
 Iskenderun's Mystic Bla  Conj/Tloc      0%           100%        4


Dungeon Overview and Level Annotations

Branches:
Dungeon (4/15)
 Temple: D:4-7

Altars:
Gozag


Innate Abilities, Weirdness & Mutations

You reflexively headbutt those who attack you in melee.
You have a pair of horns on your head.


Message History

The ogre barely misses you.
An ogre is nearby!
You hit the ogre.
The ogre is lightly wounded.
The ogre hits you with a +0 giant spiked club!!
An ogre is nearby!
Your chain mail prevents you from hitting the ogre.
You headbutt the ogre!
The ogre is heavily wounded.
You block the ogre's attack.
You slash the ogre!
The ogre is almost dead.
The ogre hits you with a +0 giant spiked club!
* * * LOW HITPOINT WARNING * * *
You feel better. You block the ogre's attack.
You barely miss the ogre.
The ogre is almost dead.
The ogre hits you with a +0 giant spiked club!!
Ouch! That really hurt!
You die...

....... #.##
.......##.#
.........#
.........#
≈.#..##.##
##.#..# #...#####
.##....O..##
........@...#
.≈.........#....#
#.^........# ...#
.#########.# .#
##


You could see an ogre.

Vanquished Creatures
  Grinder (D:4)
  Jessica (D:3)
  A worker ant (D:4)
  5 adders
  5 worms
  A dart slug (D:4)
  3 leopard geckos
  7 orcs (D:3)
  3 bats
  5 giant cockroaches
  10 goblins
  8 hobgoblins
  7 jackals
  11 kobolds
  A ball python (D:3)
  10 frilled lizards
  8 rats
87 creatures vanquished.

Notes
Turn   | Place    | Note
-------+----------+-------------------------------------------
     0 | D:1      | Clumpoid the Minotaur Fighter began the quest for the Orb.
     0 | D:1      | Reached XP level 1. HP: 19/19 MP: 0/0
    48 | D:1      | Reached XP level 2. HP: 9/26 MP: 1/1
   566 | D:1      | Reached skill level 3 in Axes
   610 | D:1      | Reached XP level 3. HP: 31/31 MP: 2/2
  1621 | D:2      | Reached skill level 4 in Axes
  1621 | D:2      | Reached XP level 4. HP: 18/39 MP: 3/3
  2066 | D:2      | Reached skill level 5 in Shields
  2219 | D:2      | Found an opulent altar of Gozag.
  3012 | D:3      | Reached skill level 5 in Axes
  3188 | D:3      | Noticed Jessica
  3191 | D:3      | Killed Jessica
  3192 | D:3      | Reached XP level 5. HP: 45/45 MP: 4/4
  4003 | D:4      | Noticed Grinder
  4005 | D:4      | Paralysed by Grinder for 7 turns
  4025 | D:4      | Killed Grinder
  4026 | D:4      | Reached skill level 7 in Axes
  4026 | D:4      | Reached XP level 6. HP: 15/51 MP: 5/5
  4252 | D:4      | Mangled by an ogre

Illustrated notes

Levels and vault maps discovered:
D:1:      psy_arrival_fountain, layout_basic
D:2:      layout_basic, nicolae_gozag_cash_rules_everything_around_me
D:3:      layout_loops_ring, uniq_jessica
D:4:      layout_rooms, marbit_many_paths, nicolae_qazlal_general_emergency,
          uniq_grinder

Skill      XL: |  1  2  3  4  5 |
---------------+----------------+-----
Shields        | 4 5 |  5.8
Axes           | 3 4 5 7 |  7.2
Fighting       | |  3.6
Armour         | |  3.6

Action                   |  1- 3 |  4- 6 || total
-------------------------+-------+-------++-------
Melee: War axe           |   126 |   100 ||   226
       Headbutt          |    12 |    12 ||    24
  Use: Potion            |     2 |     5 ||     7
       Scroll            |     4 |     4 ||     8
Armor: Scale mail        |    54 |    28 ||    82
       Chain mail        |       |     6 ||     6
Dodge: Dodged            |    31 |    13 ||    44
Block: Kite shield       |    58 |    56 ||   114

Table legend: (Time is in decaauts)
 A = Elapsed time spent in this place.
 B = Non-inter-level travel time spent in this place.
 C = Inter-level travel time spent in this place.
 D = Time resting spent in this place.
 E = Time spent auto-exploring this place.
 F = Levels seen in this place.
 G = Mean time per level.
                   A        B        C        D        E       F      G
               +--------+--------+--------+--------+--------+-----+--------+
         Total |   4336 |   4039 |    297 |   1163 |   2244 |   4 | 1084.0 |
       Dungeon |   4336 |   4039 |    297 |   1163 |   2244 |   4 | 1084.0 |
               +--------+--------+--------+--------+--------+-----+--------+

Top non-repeatable levels by time:
     D:2: 1949 daAuts
     D:3: 1093 daAuts
     D:1: 985 daAuts
     D:4: 306 daAuts
